PAAA
ROYSE CITY TARGARYENS @ NAPERVILLE BATTLEKINGS
08/16/2023
 
TOP OF THE 1ST
Royse City Targaryens batting - Pitching for Naperville Battlekings : RHP Eric Newell
Pitching: RHP Eric Newell
Batting: LHB Eduardo Álvarez 0-0: Ball
1-0: Ground out 4-3 (Groundball, 4)
Batting: LHB Carlos Álvarez 0-0: DOUBLE (Line Drive, 9LM)
Batting: RHB Javier Chávez 0-0: Ground out 1-3 (Groundball, 13)
Carlos Álvarez to third
Batting: LHB José Tamayo 0-0: Fly out, F8 (Line Drive, 8RS)
Top of the 1st over - 0 run(s), 1 hit(s), 0 error(s), 1 left on base; Royse City 0 - Naperville 0
BOTTOM OF THE 1ST
Naperville Battlekings batting - Pitching for Royse City Targaryens : RHP Rodger de Meza
Pitching: RHP Rodger de Meza
Batting: RHB Jorge Reyes 0-0: Ball
1-0: Ball
2-0: Ground out 6-3 (Groundball, 6)
Batting: SHB Daryl Lloyd 0-0: Called Strike
0-1: Swinging Strike
0-2: DOUBLE (Groundball, 3L)
Batting: LHB Cristo Ramírez 0-0: Ball
1-0: Foul Ball, location: 2F
1-1: SINGLE (Groundball, 34)
Daryl Lloyd to third
Batting: RHB Álex Rodríguez 0-0: Called Strike
0-1: Ball
1-1: Ball
2-1: Called Strike
2-2: Strikes out looking
Batting: RHB Joe Ferneyhough 0-0: Ground out 5-3 (Groundball, 56S)
Bottom of the 1st over - 0 run(s), 2 hit(s), 0 error(s), 2 left on base; Royse City 0 - Naperville 0
TOP OF THE 2ND
Royse City Targaryens batting - Pitching for Naperville Battlekings : RHP Eric Newell
Batting: LHB Jorge Garza 0-0: Called Strike
0-1: Ball
1-1: Foul Ball, location: 2F
1-2: Strikes out swinging
Batting: RHB Héctor Ruíz 0-0: Called Strike
0-1: Ball
1-1: Ball
2-1: Foul Ball, location: 2F
2-2: Fly out, F7 (Flyball, 7M)
Batting: LHB Carl Duncan 0-0: Foul Ball, location: 2F
0-1: Foul Ball, location: 2F
0-2: DOUBLE (Flyball, 8RXD)
Batting: LHB Sébastien Rolland 0-0: Fly out, F8 (Flyball, 8LXD)
Top of the 2nd over - 0 run(s), 1 hit(s), 0 error(s), 1 left on base; Royse City 0 - Naperville 0
BOTTOM OF THE 2ND
Naperville Battlekings batting - Pitching for Royse City Targaryens : RHP Rodger de Meza
Batting: RHB Alfredo López 0-0: Swinging Strike
0-1: Ball
1-1: Swinging Strike
1-2: Ball
2-2: Strikes out looking
Batting: SHB Val Brown 0-0: Ball
1-0: Called Strike
1-1: SINGLE (Line Drive, 7S)
Batting: RHB Sal Haynes 0-0: SINGLE (Line Drive, 9S)
Val Brown to second
Batting: LHB Alfonso Martínez 0-0: Ball
1-0: SINGLE (Line Drive, 4D)
Val Brown to third
Sal Haynes to second
Batting: RHB Jorge Reyes 0-0: Ball
1-0: Fielders Choice at 2nd, 6-4 (Groundball, 56)
Val Brown scores
Sal Haynes to third
Batting: SHB Daryl Lloyd 0-0: Ball
1-0: Ball
2-0: Called Strike
Jorge Reyes is caught stealing 2nd base
Bottom of the 2nd over - 1 run(s), 3 hit(s), 0 error(s), 0 left on base; Royse City 0 - Naperville 1
TOP OF THE 3RD
Royse City Targaryens batting - Pitching for Naperville Battlekings : RHP Eric Newell
Batting: RHB Sancho Balderas 0-0: Ground out 6-3 (Groundball, 6M)
Batting: LHB Eduardo Álvarez 0-0: Ball
1-0: Called Strike
1-1: Ball
2-1: Foul Ball, location: 2F
2-2: Foul Ball, location: 2F
2-2: Fly out, F7 (Flyball, 78M)
Batting: LHB Carlos Álvarez 0-0: Ball
1-0: Called Strike
1-1: Foul Ball, location: 2F
1-2: Ball
2-2: Foul Ball, location: 2F
2-2: Ball
3-2: Base on Balls
Batting: RHB Javier Chávez 0-0: Ball
1-0: Foul Ball, location: 2F
1-1: Swinging Strike
1-2: Foul Ball, location: 2F
1-2: Strikes out swinging
Top of the 3rd over - 0 run(s), 0 hit(s), 0 error(s), 1 left on base; Royse City 0 - Naperville 1
BOTTOM OF THE 3RD
Naperville Battlekings batting - Pitching for Royse City Targaryens : RHP Rodger de Meza
Batting: SHB Daryl Lloyd 0-0: Ball
1-0: Ball
2-0: Called Strike
2-1: Ball
3-1: Base on Balls
Batting: LHB Cristo Ramírez 0-0: Called Strike
0-1: Foul Ball, location: 2F
0-2: Foul Ball, location: 2F
0-2: Ball
Daryl Lloyd steals 2nd base
1-2: Ball
2-2: Foul Ball, location: 2F
2-2: Foul Ball, location: 2F
2-2: Foul Ball, location: 2F
2-2: Ground out 5-3 (Groundball, 56)
Batting: RHB Álex Rodríguez 0-0: Ball
1-0: Swinging Strike
1-1: Fly out, F8 (Flyball, 8LXD)
Runner from 2nd tags up, SAFE at 3rd, no throw
Batting: RHB Joe Ferneyhough 0-0: Ball
1-0: Called Strike
1-1: Ball
2-1: Ball
3-1: 2-RUN HOME RUN (Flyball, 78XD), Distance : 396 ft
Batting: RHB Alfredo López 0-0: Ball
1-0: SINGLE (Line Drive, 9S)
Batting: SHB Val Brown 0-0: Ball
1-0: Ball
2-0: Swinging Strike
2-1: Ball
3-1: Base on Balls
Alfredo López to second
Batting: RHB Sal Haynes 0-0: Called Strike
0-1: Called Strike
0-2: Ball
1-2: Foul Ball, location: 2F
1-2: Foul Ball, location: 2F
1-2: Ball
2-2: Ground out 2-3 (Groundball, 2R)
Bottom of the 3rd over - 2 run(s), 2 hit(s), 0 error(s), 2 left on base; Royse City 0 - Naperville 3
TOP OF THE 4TH
Royse City Targaryens batting - Pitching for Naperville Battlekings : RHP Eric Newell
Batting: LHB José Tamayo 0-0: Called Strike
0-1: Foul Ball, location: 2F
0-2: DOUBLE (Groundball, 3L)
Batting: LHB Jorge Garza 0-0: Ball
1-0: Called Strike
1-1: Ball
2-1: Ball
3-1: Swinging Strike
3-2: Foul Ball, location: 2F
3-2: SINGLE (Groundball, 4MD)
José Tamayo to third
Runner from 3rd tries for Home, SAFE, throw made home
Jorge Garza to second
Batting: RHB Héctor Ruíz 0-0: Ball
1-0: Ball
2-0: SINGLE (Groundball, 6MD)
Jorge Garza to third
Batting: LHB Carl Duncan 0-0: Ball
1-0: Foul Ball, location: 2F
1-1: Ball
2-1: Foul Ball, location: 2F
2-2: Fly out, F4 (Popup, 34)
Batting: LHB Sébastien Rolland 0-0: Called Strike
0-1: Ball
1-1: Swinging Strike
1-2: DOUBLE (Flyball, 8RM)
Jorge Garza scores
Héctor Ruíz to third
Runner from 3rd tries for Home, SAFE, no throw or cutoff
Batting: RHB Sancho Balderas 0-0: Fly out, F9 (Flyball, 9M)
Batting: LHB Eduardo Álvarez 0-0: Ball
1-0: Called Strike
1-1: Swinging Strike
1-2: Ball
2-2: Ball
3-2: Base on Balls
Batting: LHB Carlos Álvarez 0-0: Ball
1-0: Fly out, F6 (Popup, 56D)
Top of the 4th over - 3 run(s), 4 hit(s), 0 error(s), 2 left on base; Royse City 3 - Naperville 3
BOTTOM OF THE 4TH
Naperville Battlekings batting - Pitching for Royse City Targaryens : RHP Rodger de Meza
Batting: LHB Alfonso Martínez 0-0: Called Strike
0-1: Called Strike
0-2: Foul Ball, location: 2F
0-2: Ball
1-2: Ground out 1-3 (Groundball, 23)
Batting: RHB Jorge Reyes 0-0: Foul Ball, location: 2F
0-1: Ball
1-1: Ball
2-1: Called Strike
2-2: Strikes out swinging
Batting: SHB Daryl Lloyd 0-0: Ball
1-0: Swinging Strike
1-1: SINGLE (Line Drive, 9LM)
Pitching: RHP John Hicks
Batting: LHB Cristo Ramírez 0-0: Ball
1-0: Ball
2-0: Ball
3-0: Called Strike
3-1: Foul Ball, location: 2F
3-2: Base on Balls
Daryl Lloyd to second
Batting: RHB Álex Rodríguez 0-0: Swinging Strike
0-1: Foul Ball, location: 2F
0-2: Ball
1-2: Strikes out looking
Bottom of the 4th over - 0 run(s), 1 hit(s), 0 error(s), 2 left on base; Royse City 3 - Naperville 3
TOP OF THE 5TH
Royse City Targaryens batting - Pitching for Naperville Battlekings : RHP Eric Newell
Batting: RHB Javier Chávez 0-0: Swinging Strike
0-1: Ball
1-1: Ball
2-1: Swinging Strike
2-2: Strikes out swinging
Batting: LHB José Tamayo 0-0: Called Strike
0-1: Ground out 5-3 (Groundball, 56S)
Batting: LHB Jorge Garza 0-0: Ball
1-0: Ball
2-0: Fly out, F9 (Flyball, 9M)
Top of the 5th over - 0 run(s), 0 hit(s), 0 error(s), 0 left on base; Royse City 3 - Naperville 3
BOTTOM OF THE 5TH
Naperville Battlekings batting - Pitching for Royse City Targaryens : RHP John Hicks
Batting: RHB Joe Ferneyhough 0-0: Foul Ball, location: 2F
0-1: Ball
1-1: Fly out, F9 (Flyball, 89S)
Batting: RHB Alfredo López 0-0: Swinging Strike
0-1: Foul Ball, location: 2F
0-2: Ball
1-2: Foul Ball, location: 2F
1-2: Foul Ball, location: 2F
1-2: Ball
2-2: Strikes out looking
Batting: SHB Val Brown 0-0: Ball
1-0: Ball
2-0: Ball
3-0: Base on Balls
Batting: RHB Sal Haynes 0-0: Ball
1-0: Called Strike
1-1: Ball
2-1: Called Strike
2-2: Foul Ball, location: 2F
2-2: Strikes out swinging
Bottom of the 5th over - 0 run(s), 0 hit(s), 0 error(s), 1 left on base; Royse City 3 - Naperville 3
TOP OF THE 6TH
Royse City Targaryens batting - Pitching for Naperville Battlekings : RHP Eric Newell
Batting: RHB Héctor Ruíz 0-0: Bunted foul
0-1: Ball
1-1: Ball
2-1: Foul Ball, location: 2F
2-2: Ground out 6-3 (Groundball, 6)
Batting: LHB Carl Duncan 0-0: Swinging Strike
0-1: Ground out 4-3 (Groundball, 4M)
Batting: LHB Sébastien Rolland 0-0: Ball
1-0: Ball
2-0: Ball
3-0: Called Strike
3-1: Base on Balls
Batting: RHB Sancho Balderas 0-0: Reached on error, E1 (Groundball, 15)
Sébastien Rolland to second
Batting: LHB Eduardo Álvarez 0-0: Fly out, F8 (Flyball, 8RM)
Top of the 6th over - 0 run(s), 0 hit(s), 1 error(s), 2 left on base; Royse City 3 - Naperville 3
BOTTOM OF THE 6TH
Naperville Battlekings batting - Pitching for Royse City Targaryens : RHP John Hicks
Batting: LHB Alfonso Martínez 0-0: Swinging Strike
0-1: Ball
1-1: Foul Ball, location: 2F
1-2: Ball
2-2: Strikes out swinging
Batting: RHB Jorge Reyes 0-0: Fly out, F9 (Flyball, 9M)
Batting: SHB Daryl Lloyd 0-0: Called Strike
0-1: SINGLE (Groundball, 56D) (infield hit)
Batting: LHB Cristo Ramírez 0-0: Ball
1-0: Fly out, F6 (Popup, 6D)
Bottom of the 6th over - 0 run(s), 1 hit(s), 0 error(s), 1 left on base; Royse City 3 - Naperville 3
TOP OF THE 7TH
Royse City Targaryens batting - Pitching for Naperville Battlekings : RHP Eric Newell
Batting: LHB Carlos Álvarez 0-0: Fly out, F6 (Flyball, 8LS)
Batting: RHB Javier Chávez 0-0: Ball
1-0: Called Strike
1-1: Ground out 5-3 (Groundball, 5L)
Batting: LHB José Tamayo 0-0: Fly out, F3 (Popup, 3F)
Top of the 7th over - 0 run(s), 0 hit(s), 0 error(s), 0 left on base; Royse City 3 - Naperville 3
BOTTOM OF THE 7TH
Naperville Battlekings batting - Pitching for Royse City Targaryens : RHP John Hicks
Batting: RHB Álex Rodríguez 0-0: Ground out 6-3 (Groundball, 6M)
Batting: RHB Joe Ferneyhough 0-0: Foul Ball, location: 2F
0-1: Swinging Strike
0-2: Ball
1-2: Strikes out looking
Batting: RHB Alfredo López 0-0: Ball
1-0: Called Strike
1-1: Ball
2-1: Ball
3-1: Base on Balls
Batting: SHB Val Brown 0-0: Fly out, F7 (Flyball, 7M)
Bottom of the 7th over - 0 run(s), 0 hit(s), 0 error(s), 1 left on base; Royse City 3 - Naperville 3
TOP OF THE 8TH
Royse City Targaryens batting - Pitching for Naperville Battlekings : RHP Eric Newell
Batting: LHB Jorge Garza 0-0: Called Strike
0-1: Ball
1-1: Ball
2-1: Called Strike
2-2: Foul Ball, location: 2F
2-2: Strikes out swinging
Pinch Hitting: LHB Shang-de Zhang 0-0: Called Strike
0-1: Ball
1-1: Ball
2-1: Ball
3-1: SOLO HOME RUN (Flyball, 8RXD), Distance : 440 ft
Pitching: LHP Motoyuki Nakamura
Batting: LHB Carl Duncan 0-0: Ball
1-0: Swinging Strike
1-1: Called Strike
1-2: Strikes out swinging
Batting: LHB Sébastien Rolland 0-0: Ground out U3 (Groundball, 3S)
Top of the 8th over - 1 run(s), 1 hit(s), 0 error(s), 0 left on base; Royse City 4 - Naperville 3
BOTTOM OF THE 8TH
Naperville Battlekings batting - Pitching for Royse City Targaryens : RHP John Hicks
Pitching: RHP Bo Tubbs
Now in LF: Florian Cesaresco
Batting: RHB Sal Haynes 0-0: Ball
1-0: Foul Ball, location: 2F
1-1: Ball
2-1: Foul Ball, location: 2F
2-2: Strikes out looking
Pitching: LHP Roberto Aguirre
Batting: LHB Alfonso Martínez 0-0: Ground out 4-3 (Groundball, 34)
Pitching: RHP Juan Hernández
Batting: RHB Jorge Reyes 0-0: Ball
1-0: Swinging Strike
1-1: Called Strike
1-2: SINGLE (Groundball, 6D)
Pitching: LHP Manuel Franco
Pinch Hitting: RHB Earnest Veeck 0-0: Swinging Strike
0-1: Ball
1-1: Ball
2-1: SINGLE (Line Drive, 4D)
Jorge Reyes to second
Batting: LHB Cristo Ramírez 0-0: Ball
1-0: Called Strike
1-1: Called Strike
1-2: Strikes out swinging
Bottom of the 8th over - 0 run(s), 2 hit(s), 0 error(s), 2 left on base; Royse City 4 - Naperville 3
TOP OF THE 9TH
Royse City Targaryens batting - Pitching for Naperville Battlekings : LHP Motoyuki Nakamura
Now in RF: Otso Tuulari
Batting: RHB Sancho Balderas 0-0: Ball
1-0: Foul Ball, location: 2F
1-1: Ball
2-1: Called Strike
2-2: Foul Ball, location: 2F
2-2: Ball
3-2: Foul Ball, location: 2F
3-2: Base on Balls
Batting: LHB Eduardo Álvarez 0-0: Called Strike
0-1: Ball
1-1: Ball
2-1: Swinging Strike
2-2: Strikes out swinging
Pinch Hitting: RHB Chae-hyeong Kim 0-0: Ball
Sancho Balderas steals 2nd base
1-0: Called Strike
1-1: Ball
2-1: Ground out 5-3 (Groundball, 5S)
Sancho Balderas to third
Batting: RHB Javier Chávez 0-0: Ground out 4-3 (Groundball, 13)
Top of the 9th over - 0 run(s), 0 hit(s), 0 error(s), 1 left on base; Royse City 4 - Naperville 3
BOTTOM OF THE 9TH
Naperville Battlekings batting - Pitching for Royse City Targaryens : LHP Manuel Franco
Pitching: RHP Mark Sinclair
Now at 1B: Aurelio Aurillo
Batting: RHB Álex Rodríguez 0-0: Ball
1-0: Ball
2-0: Called Strike
2-1: Ball
3-1: Fly out, F7 (Flyball, 78M)
Batting: RHB Joe Ferneyhough 0-0: Foul Ball, location: 2F
0-1: Called Strike
0-2: Strikes out swinging
Batting: RHB Alfredo López 0-0: Ball
1-0: Called Strike
1-1: Called Strike
1-2: Ball
2-2: Foul Ball, location: 2F
2-2: Ball
3-2: Base on Balls
Batting: SHB Val Brown 0-0: Ball
1-0: Foul Ball, location: 2F
1-1: Called Strike
1-2: Ball
2-2: Foul Ball, location: 2F
2-2: Ball
3-2: Strikes out swinging
Bottom of the 9th over - 0 run(s), 0 hit(s), 0 error(s), 1 left on base; Royse City 4 - Naperville 3
This league is powered by Out of the Park Baseball, the baseball management simulation game for PC, Mac and Linux
Friday, July 8th, 2016 - OOTP Baseball 16.9 Build 39